 Dungeon Crawl Stone Soup version 0.31-a0-816-gd61d57ddb1 (webtiles) character file.

Game seed: 15360926581860738365

30 Essalna the Conjurer (level 3, 24/24 HPs)
             Began as a Demonspawn Conjurer on Sept 22, 2023.
             Got out of the dungeon alive.
             The game lasted 00:01:05 (944 turns).

Essalna the Conjurer (Demonspawn Conjurer)           Turns: 944, Time: 00:01:06

Health: 24/24      AC:  2    Str:  7    XL:     3   Next: 3%
Magic:  7/7        EV: 12    Int: 21    God:
Gold:   49         SH:  0    Dex: 11    Spells: 4/7 levels left

rFire   . . .        c - +0 flail
rCold   . . .        (no shield)
rNeg    . . .        a - +0 robe
rPois   .            (no helmet)
rElec   .            (no cloak)
rCorr   .            (no gloves)
SInv    .            (no boots)
Will    .....        (no amulet)
Stlth   ++           g - ring of wizardry
HPRegen 0.24/turn    (no ring)
MPRegen 0.10/turn

%: wizardry (x1)
@: no status effects
A: claws 1, spiny 1
a: no special abilities


You escaped.
You visited 1 branch of the dungeon, and saw 2 of its levels.

You collected 49 gold pieces.

Inventory:

Hand Weapons
 c - a +0 flail (weapon)
Armour
 a - a +0 robe (worn)
Jewellery
 d - an amulet of faith
 g - a ring of wizardry (left claw)
Scrolls
 e - 8 scrolls of brand weapon {unknown}
 f - a scroll of poison {unknown}
 i - a scroll of identify {unknown}
Potions
 b - a potion of magic
 h - a potion of cancellation {unknown}


   Skills:
 - Level 1.7 Dodging
 - Level 1.7 Stealth
 + Level 2.7 Spellcasting
 + Level 4.5 Conjurations


You had 4 spell levels left.
You knew the following spells:

 Your Spells              Type           Power      Damage    Failure   Level
a - Magic Dart            Conj           84%        1d7       1%          1
b - Searing Ray           Conj           42%        2d6       1%          2

Your spell library contained the following spells:

 Spells                   Type           Power      Damage    Failure   Level
 Dazzling Flash           Conj/Hex       24%        N/A       6%          3
 Fulminant Prism          Conj/Hex       6%         3d6       21%         4
 Iskenderun's Mystic Bla  Conj/Tloc      12%        2d5       21%         4


Dungeon Overview and Level Annotations

Branches:
Dungeon (2/15)

Altars:


Innate Abilities, Weirdness & Mutations

You have sharp fingernails.
You are partially covered in sharp spines.


Message History

The rat is severely wounded.
The magic dart hits the rat.
You kill the rat!
You can't see any susceptible monsters within range! (Use Z to cast anyway.)
Found a stone staircase leading down.
A kobold comes into view. It is wielding a +0 hand axe.
The kobold shouts!
A kobold is nearby!
A kobold is nearby!
The magic dart hits the kobold but does no damage.
The magic dart hits the kobold.
You kill the kobold!
You can't see any susceptible monsters within range! (Use Z to cast anyway.)
You can't see any susceptible monsters within range! (Use Z to cast anyway.)
h - a smoky dark potion
Found a club.
You can't see any susceptible monsters within range! (Use Z to cast anyway.)
You can't see any susceptible monsters within range! (Use Z to cast anyway.)
A ball python comes into view.
A ball python is nearby!
A ball python is nearby!
The magic dart hits the ball python.
You kill the ball python!
You have reached level 3!
Your experience leads to an increase in your attributes!
Increase (S)trength, (I)ntelligence, or (D)exterity?
You feel clever. x2; Your demonic ancestry asserts itself...
Your fingernails lengthen.
i - a scroll labelled DIUTHUKEEN A rat comes into view.
The magic dart hits the rat.
You kill the rat!
You can't see any susceptible monsters within range! (Use Z to cast anyway.)
You can't see any susceptible monsters within range! (Use Z to cast anyway.)
You see here an adder corpse.
There is a stone staircase leading up here.
You climb upwards.
There is a stone staircase leading down here.
There is a staircase leading out of the dungeon here.
You have escaped!

#....###...##..###....#........
#....###...#..## ###....##.....
#....##...##.## ##...###.....
#....##.#.#..# #....###.....
#....##.#.#.## ##.....##..)..
##......#.#.### ##...#...#.....
#........#...###...##.#.#.....
#.....##.#........###...#.....
#....###.####@..### ##.##.....
#..........###########.#......
#.............................
#####......############.......
######## #....... ########


There were no monsters in sight!

Vanquished Creatures
  An adder (D:2)
  2 endoplasms (D:1)
  A giant cockroach (D:1)
  A goblin (D:1)
  2 hobgoblins (D:1)
  6 ball pythons
  A frilled lizard (D:1)
  2 kobolds
  6 rats
22 creatures vanquished.

Notes
Turn   | Place    | Note
-------+----------+-------------------------------------------
     0 | D:1      | Essalna the Demonspawn Conjurer began the quest for the
                  | Orb.
     0 | D:1      | Reached XP level 1. HP: 13/13 MP: 3/3
   242 | D:1      | Gained mutation: You are partially covered in sharp spines.
                  | [demonic ancestry]
   242 | D:1      | Reached XP level 2. HP: 17/19 MP: 0/5
   466 | D:1      | Learned a level 2 spell: Searing Ray
   854 | D:2      | Gained mutation: You have sharp fingernails. [demonic
                  | ancestry]
   854 | D:2      | Reached XP level 3. HP: 24/24 MP: 5/7
   944 | D:$      | Got out of the dungeon alive.

Illustrated notes

Levels and vault maps discovered:
D:1:      dpeg_arrival_round_b, layout_rooms, dk_noncrumbling_4
D:2:      layout_basic, basic_altar

Action                     || total
---------------------------++-------
  Melee: Flail             ||    11
   Cast: Magic Dart        ||    26
 Armour: Robe              ||    12
  Dodge: Dodged            ||     4

Table legend: (Time is in decaauts)
 A = Elapsed time spent in this place.
 B = Non-inter-level travel time spent in this place.
 C = Inter-level travel time spent in this place.
 D = Time resting spent in this place.
 E = Time spent auto-exploring this place.
 F = Levels seen in this place.
 G = Mean time per level.
                   A        B        C        D        E       F      G
               +--------+--------+--------+--------+--------+-----+--------+
         Total |    947 |    837 |    110 |      0 |    723 |   2 |  473.5 |
       Dungeon |    947 |    837 |    110 |      0 |    723 |   2 |  473.5 |
               +--------+--------+--------+--------+--------+-----+--------+

Top non-repeatable levels by time:
     D:1: 721 daAuts
     D:2: 226 daAuts
